AoeStats
← WING123456

Arena

510301645Analyzed
4v4 RM · 2d ago on Sep 30, 2026· 62m 34s· 8 players
Game mode
Random Map
Map size
Large (8 player)
Population
200
Speed
Normal
Resources
Standard
Victory
Conquest
Starting age
Dark Age
Ending age
Imperial Age
RankedLock teamsTeams togetherTeam positionsShared explorationLock speedFull tech treeHidden civsTurbo modeCheats
Victory
Defeat
🇧🇷 Dravidians · Brazil
1181
+15
🇬🇧 Japanese · United Kingdom
1166
+16
🇵🇪 Lithuanians · Peru
1101
+18
🇫🇷 Spanish · France
1063
+20
🇪🇸 Lithuanians · Spain
1176
-18
🇨🇳 Goths · China
1170
-18
🇨🇳 Gurjaras · China
1144
-17
🇹🇼 Japanese · Taiwan
1135
-16
Notorious Guib
9:24 Loom
11:10 Feudal Age
16:25 Castle Age
14:15 Double-Bit Axe
14:14 Horse Collar
16:17 Gold Mining
18:44 Bow Saw
23:48 Wheelbarrow
29:23 Imperial Age
28:04 Hand Cart
29:21 Scale Barding Armor
32:12 Chemistry
31:02 Elite Conquistador
34:11 Bloodlines
34:01 Husbandry
34:24 Chain Barding Armor
34:16 Forging
35:24 Light Cavalry
42:27 Plate Barding Armor
42:28 Iron Casting
42:16 Hussar
54:40 Coinage
55:12 Blast Furnace
Capixo
11:04 Feudal Age
12:21 Loom
15:23 Castle Age
13:55 Double-Bit Axe
15:12 Horse Collar
20:42 Pikeman
29:17 Wheelbarrow
28:33 Gold Mining
28:34 Stone Mining
29:18 Town Watch
31:16 Heavy Plow
31:27 Bow Saw
31:04 Man-at-Arms
31:30 Gambesons
34:19 Imperial Age
32:03 Scale Mail Armor
32:13 Forging
32:28 Squires
32:25 Long Swordsman
33:26 Chain Mail Armor
34:23 Halberdier
34:25 Two-Handed Swordsman
35:35 Champion
37:22 Arson
40:25 Fletching
41:47 Elite Elephant Archer
42:30 Bodkin Arrow
43:28 Plate Mail Armor
44:45 Chemistry
44:28 Thumb Ring
45:41 Ballistics
46:23 Padded Archer Armor
46:57 Hand Cart
47:08 Husbandry
47:30 Caravan
49:37 Siege Elephant
50:18 Bracer
50:34 Leather Archer Armor
50:24 Elite Skirmisher
57:01 Conscription
62:05 Two-Man Saw
61:14 Scale Barding Armor
61:39 Ring Archer Armor
61:45 Iron Casting
62:35 Masonry
DSLG | Shamer
10:38 Feudal Age
14:41 Castle Age
14:29 Loom
14:38 Double-Bit Axe
16:08 Bow Saw
16:16 Scale Barding Armor
16:32 Forging
21:22 Husbandry
23:33 Gold Mining
24:07 Bloodlines
26:28 Wheelbarrow
28:08 Stone Mining
30:41 Chain Barding Armor
32:43 Horse Collar
33:20 Hand Cart
32:52 Town Watch
33:59 Iron Casting
36:17 Imperial Age
34:05 Town Patrol
34:09 Heavy Plow
35:38 Stone Shaft Mining
36:20 Cavalier
38:18 Plate Barding Armor
38:11 Conscription
38:45 Crop Rotation
39:21 Two-Man Saw
38:29 Paladin
39:57 Light Cavalry
42:03 Tower Shields
43:15 Pikeman
43:55 Squires
43:40 Arson
43:58 Hill Forts
45:01 Halberdier
46:11 Scale Mail Armor
46:12 Padded Archer Armor
46:02 Fletching
48:40 Chain Mail Armor
48:41 Leather Archer Armor
48:21 Bodkin Arrow
49:07 Thumb Ring
48:23 Elite Skirmisher
51:04 Bracer
51:56 Ballistics
52:54 Ring Archer Armor
53:35 Chemistry
52:47 Masonry
56:39 Winged Hussar
58:26 Architecture
58:07 Fortified Wall
57:53 Murder Holes
62:05 Caravan
Sir Faffalot
10:58 Feudal Age
12:10 Double-Bit Axe
12:24 Horse Collar
16:07 Castle Age
16:30 Gold Mining
21:50 Imperial Age
20:09 Padded Archer Armor
20:50 Stone Mining
23:31 Chemistry
23:12 Leather Archer Armor
23:11 Guard Tower
23:14 Fletching
23:24 Loom
24:04 Bow Saw
24:00 Capped Ram
27:08 Ballistics
26:45 Bodkin Arrow
30:42 Keep
31:46 Bracer
34:36 Wheelbarrow
34:30 Masonry
35:03 Fortified Wall
38:00 Hand Cart
48:04 Yasama
51:27 Conscription
53:36 Kataparuto
54:47 Heavy Cavalry Archer
56:29 Town Watch
59:16 Gold Shaft Mining
59:01 Arrowslits
59:12 Murder Holes
59:28 Thumb Ring
60:42 Parthian Tactics
63:15 Ring Archer Armor
ERRATI
0:28 Loom
10:36 Feudal Age
13:30 Double-Bit Axe
16:00 Castle Age
20:41 Redemption
Mryo's fans
9:45 Feudal Age
12:11 Double-Bit Axe
15:01 Castle Age
13:34 Horse Collar
19:57 Wheelbarrow
20:34 Bow Saw
21:54 Heavy Plow
21:58 Gold Mining
27:18 Loom
30:34 Imperial Age
28:27 Husbandry
29:01 Scale Barding Armor
30:20 Bloodlines
30:47 Heavy Camel Rider
31:56 Forging
32:50 Chain Barding Armor
34:21 Stone Mining
35:12 Conscription
35:37 Plate Barding Armor
37:12 Chemistry
36:50 Iron Casting
36:59 Elite Shrivamsha Rider
38:41 Hand Cart
41:24 Ballistics
41:06 Scale Mail Armor
41:03 Town Watch
42:06 Arson
43:14 Gold Shaft Mining
42:30 Elite Chakram Thrower
45:48 Town Patrol
46:05 Chain Mail Armor
46:33 Light Cavalry
47:40 Hussar
51:02 Kshatriyas
50:57 Fletching
54:14 Treadmill Crane
56:11 Frontier Guards
WING123456
11:15 Feudal Age
15:12 Castle Age
13:20 Double-Bit Axe
13:27 Horse Collar
16:41 Bow Saw
21:29 Stone Mining
22:57 Wheelbarrow
23:21 Gold Mining
29:26 Imperial Age
27:38 Anarchy
27:53 Scale Mail Armor
28:04 Forging
27:59 Loom
28:54 Squires
29:13 Chain Mail Armor
30:53 Iron Casting
30:42 Conscription
29:46 Pikeman
31:21 Halberdier
33:42 Fletching
33:53 Padded Archer Armor
34:23 Bodkin Arrow
35:32 Chemistry
34:53 Ballistics
34:26 Elite Huskarl
35:06 Elite Skirmisher
38:52 Man-at-Arms
39:37 Long Swordsman
40:14 Two-Handed Swordsman
41:43 Hand Cart
41:29 Champion
44:39 Hand Cart
44:33 Heavy Plow
46:07 Blast Furnace
45:24 Leather Archer Armor
49:44 Bracer
50:15 Ring Archer Armor
younguns
12:15 Feudal Age
16:56 Castle Age
14:46 Double-Bit Axe
15:27 Horse Collar
18:04 Bow Saw
20:12 Loom
27:55 Imperial Age
26:06 Fletching
26:17 Padded Archer Armor
26:55 Wheelbarrow
26:03 Crossbowman
27:00 Bodkin Arrow
27:24 Heavy Plow
28:00 Thumb Ring
28:12 Arbalester
28:54 Bracer
30:21 Leather Archer Armor
33:49 Ring Archer Armor
34:50 Chemistry
34:11 Ballistics
35:39 Squires
35:43 Gold Mining
35:44 Stone Mining
38:36 Two-Man Saw
37:54 Hand Cart
38:25 Forging
38:42 Scale Mail Armor
40:01 Iron Casting
39:14 Town Watch
40:15 Gold Shaft Mining
40:19 Chain Mail Armor
39:25 Pikeman
39:47 Elite Samurai
41:02 Hoardings
41:17 Halberdier
42:52 Plate Mail Armor
43:23 Blast Furnace
42:51 Murder Holes
43:07 Fortified Wall
51:18 Guard Tower
53:06 Gambesons
53:07 Arson
52:43 Man-at-Arms
54:55 Town Patrol
55:40 Yasama
58:57 Elite Skirmisher
59:42 Long Swordsman
60:27 Caravan
Connection lost

Rejoining the realm…

Still unreachable

The connection could not be restored.

Session expired

The server has moved on; the page needs a fresh start.